 Dungeon Crawl Stone Soup version 0.27-a0-512-g57cc695410 (webtiles) character file.

Game seed: 1611451976073401257

846 kae the Cleaver (level 8, -2/71 HPs)
             Began as a Hill Orc Fighter on Mar 3, 2021.
             Was an Initiate of Qazlal.
             Killed from afar by Eustachio (7 damage)
             ... with a bolt of acid
             ... on level 5 of the Dungeon.
             The game lasted 00:02:40 (4730 turns).

kae the Cleaver (Hill Orc Fighter)                  Turns: 4730, Time: 00:02:42

Health: -2/71      AC:  5    Str: 21    XL:     8   Next: 0%
Magic:  10/10      EV:  7    Int:  8    God:    Qazlal [......]
Gold:   256        SH:  9    Dex: 10    Spells: 7/7 levels left

rFire    . . .     SeeInvis .   a - +1 war axe
rCold    . . .     Faith    .   c - +0 kite shield
rNeg     . . .     Spirit   .   b - +0 scale mail
rPois    .         Reflect  .   (no helmet)
rElec    .         Harm     .   l - +1 cloak
rCorr    .         Rampage  .   (no gloves)
Will     .....                  (no boots)
Stlth    ..........             (no amulet)
HPRegen  0.21/turn              (no ring)
MPRegen  0.12/turn              (no ring)

@: corroded, hasted, very quick
A: no striking features
a: Renounce Religion


You were on level 5 of the Dungeon.
You worshipped Qazlal.
Qazlal was noncommittal.
You visited 2 branches of the dungeon, and saw 6 of its levels.

You collected 256 gold pieces.

Inventory:

Hand Weapons
 a - a +1 war axe (weapon)
Armour
 b - a +0 scale mail (worn)
 c - a +0 kite shield (worn)
 k - a +0 chain mail
 l - a +1 cloak (worn)
Wands
 n - a wand of flame (32)
 o - a wand of iceblast (11)
Scrolls
 q - a scroll of teleportation
 r - 2 scrolls of identify
Potions
 d - a potion of might
 e - 2 potions of magic
 g - 2 potions of curing {unknown}
 h - a potion of invisibility {unknown}
 i - 2 potions of lignification {unknown}
 j - a potion of flight {unknown}
 m - a potion of brilliance {unknown}
 p - a potion of degeneration {unknown}


   Skills:
 + Level 6.6 Fighting
 * Level 9.2 Axes
 - Level 3.2 Armour
 - Level 3.2 Shields
 + Level 3.6 Invocations


You had 7 spell levels left.
You didn't know any spells.
Your spell library contained the following spells:

 Spells                   Type           Power        Failure   Level
 Beastly Appendage        Tmut           0%           99%         1
 Wereblood                Tmut           0%           100%        2
 Spider Form              Tmut/Pois      0%           100%        3
 Ice Form                 Ice/Tmut       0%           100%        4
 Blade Hands              Tmut           0%           100%        5


Dungeon Overview and Level Annotations

Branches:
Dungeon (5/15)             Temple (1/1) D:4

Altars:
Ashenzari
Cheibriados
Elyvilon
Fedhas
Gozag
Kikubaaqudgha
Makhleb
Nemelex Xobeh
Okawaru
Qazlal
Vehumet
Xom
Yredelemnul
Zin

Annotations:
D:3 1 runed translucent door, Megustar's ghost, amateur DECj
D:5 1 runed translucent door, Eustachio


Message History

You are no longer corroded.
You start resting.
HP restored.
You climb downwards.
Level annotation: 1 runed translucent door, Eustachio Eustachio casts a spell.
Eustachio blinks!
There is a stone staircase leading up here.
You start waiting.
Eustachio is nearby!
You slash Eustachio!
Eustachio is moderately wounded.
Eustachio zaps a wand.
The bolt of acid hits you!!
You are splashed with acid!
Eustachio closely misses you.
You hit Eustachio.
Eustachio is moderately wounded.
Eustachio gestures wildly while chanting.
You completely miss Eustachio.
Eustachio is moderately wounded.
Eustachio zaps a wand.
The bolt of acid hits you! The acid corrodes you!
You are splashed with acid!
* * * LOW HITPOINT WARNING * * *
You slash Eustachio!
Eustachio is heavily wounded.
You miss the ufetubus. The ufetubus barely misses you.
You block the ufetubus's attack.
The ufetubus hits you but does no damage. x2
Eustachio twirls his moustache.
Eustachio barely misses you.
You barely miss Eustachio.
Eustachio is heavily wounded.
Your shield prevents you from hitting the ufetubus.
You block the ufetubus's attack. x2; The crimson imp blinks!
Eustachio hits you with a +0 falchion of flaming.
* * * LOW HITPOINT WARNING * * *
Eustachio burns you.
* * * LOW HITPOINT WARNING * * *
It was a potion of haste.
You feel yourself speed up.
Eustachio zaps a wand.
The bolt of acid hits you!
You die...

#.......####........#
#..#....................
#.##............##..####
####.......<....###..#
#.............#........
##....#..#.)...###....>.
#.......#)##..### ...#.
#.#.#...........##.....
###.......##@.........#
#..........)@5.#.......
#...###.####.5.........
#... #.. ..5..........
...# ..r......########
.. |..........
##.[.......## #+###..#


You could see Eustachio, a crimson imp (summoned), a white imp (summoned) and an
ufetubus (summoned).

Vanquished Creatures
  Grinder (D:4)
  2 ogres (D:5)
  A phantom (D:4)
  A howler monkey (D:4)
  A bullfrog zombie (D:4)
  An orc priest (D:3)
  2 hounds (D:4)
  A centaur skeleton (D:4)
  An orc wizard (D:4)
  A worker ant (D:4)
  A gnoll (D:1)
  A howler monkey zombie (D:5)
  3 adders
  A white imp (D:5)
  An ooze (D:1)
  2 worms
  A dart slug (D:1)
  3 leopard geckos
  18 orcs
  7 bats
  2 giant cockroaches
  5 hobgoblins
  5 jackals
  3 quokkas
  3 ball pythons
  4 frilled lizards
  7 goblins
  7 kobolds
  A leopard gecko skeleton (D:4)
  7 rats
94 creatures vanquished.

Notes
Turn   | Place    | Note
-------+----------+-------------------------------------------
     0 | D:1      | kae the Hill Orc Fighter began the quest for the Orb.
     0 | D:1      | Reached XP level 1. HP: 19/19 MP: 1/1
    70 | D:1      | Reached skill level 3 in Axes
    70 | D:1      | Reached XP level 2. HP: 18/27 MP: 2/2
   316 | D:1      | Reached skill level 4 in Axes
   316 | D:1      | Reached XP level 3. HP: 31/33 MP: 3/3
  1793 | D:3      | Reached XP level 4. HP: 37/41 MP: 4/4
  1882 | D:3      | Reached skill level 5 in Axes
  2450 | D:3      | Noticed Megustar's ghost (amateur DECj)
  2451 | D:3      | Found a runed translucent door.
  2501 | D:3      | Reached XP level 5. HP: 16/47 MP: 5/5
  2876 | D:4      | Reached skill level 5 in Fighting
  2876 | D:4      | Reached skill level 6 in Axes
  3002 | D:4      | Reached XP level 6. HP: 56/56 MP: 6/6
  3032 | D:4      | Reached skill level 7 in Axes
  3083 | D:4      | Reached skill level 8 in Axes
  3083 | D:4      | Reached XP level 7. HP: 46/63 MP: 7/7
  3284 | D:4      | Found a staircase to the Ecumenical Temple.
  3301 | D:4      | Noticed Grinder
  3317 | Temple   | Entered the Ecumenical Temple
  3467 | Temple   | Became a worshipper of Qazlal Stormbringer
  3491 | D:4      | Paralysed by Grinder for 2 turns
  3500 | D:4      | Paralysed by Grinder for 7 turns
  3511 | D:4      | Killed Grinder
  3761 | D:4      | Found a broken altar of Ashenzari.
  3905 | D:5      | Entered Level 5 of the Dungeon
  4055 | D:5      | Found a runed translucent door.
  4131 | D:5      | Reached skill level 9 in Axes
  4134 | D:5      | Reached XP level 8. HP: 24/71 MP: 10/10
  4357 | D:5      | Noticed Eustachio
  4730 | D:5      | Killed from afar by Eustachio

Illustrated notes

Levels and vault maps discovered:
D:1:      matt_arrival_spirals, layout_loops_ring
D:2:      layout_basic
D:3:      layout_basic, gammafunk_ghost_grave
D:4:      layout_rooms, minmay_temple_entry_butterflies, ashenzari_altar_1,
          uniq_grinder
D:5:      layout_rooms, serial_rivers, chequers_serial_rivers_room_b,
          chequers_serial_rivers_small_a, chequers_serial_rivers_large_b,
          chequers_serial_rivers_micro_b, ebering_ghost_sewer_d,
          minmay_misc_feat_ornament, grunt_decor_resistance,
          lemuel_old_faithful, uniq_eustachio
Temple:   dshaligram_water_room_temple

Skill      XL: |  1  2  3  4  5  6  7 |
---------------+----------------------+-----
Axes           | 3 4 5 6 8 9 |  9.2
Fighting       | 4 5 6 |  6.6
Invocations    | 3 |  3.6
Armour         | |  3.2
Shields        | |  3.2

Action                   |  1- 3 |  4- 6 |  7- 9 || total
-------------------------+-------+-------+-------++-------
Melee: War axe           |    89 |   133 |    65 ||   287
Evoke: Wand              |       |       |     3 ||     3
  Use: Scroll            |     4 |     3 |       ||     7
       Potion            |       |       |     1 ||     1
Armor: Scale mail        |    34 |    66 |    28 ||   128
Dodge: Dodged            |    26 |    39 |    17 ||    82
Block: Kite shield       |    35 |    67 |    23 ||   125

Table legend: (Time is in decaauts)
 A = Elapsed time spent in this place.
 B = Non-inter-level travel time spent in this place.
 C = Inter-level travel time spent in this place.
 D = Time resting spent in this place.
 E = Time spent auto-exploring this place.
 F = Levels seen in this place.
 G = Mean time per level.
                   A        B        C        D        E       F      G
               +--------+--------+--------+--------+--------+-----+--------+
         Total |   4855 |   4660 |    195 |    343 |   3629 |   6 |  809.2 |
       Dungeon |   4684 |   4508 |    176 |    343 |   3482 |   5 |  936.8 |
        Temple |    170 |    151 |     19 |      0 |    147 |   1 |  170.0 |
               +--------+--------+--------+--------+--------+-----+--------+

Top non-repeatable levels by time:
     D:4: 1209 daAuts
     D:3: 1125 daAuts
     D:1: 982 daAuts
     D:2: 830 daAuts
     D:5: 536 daAuts
  Temple: 170 daAuts
